 Dungeon Crawl Stone Soup version 0.22-a0-897-g1b7a381375 (webtiles) character file.

7462 Mirvelgyr the Severer (level 10, -1/81 HPs)
             Began as a Deep Dwarf Fighter on July 31, 2018.
             Was a Priest of Makhleb.
             Slain by an iron troll (20 damage)
             ... on level 9 of the Dungeon.
             The game lasted 00:13:18 (6955 turns).

Mirvelgyr the Severer (Deep Dwarf Fighter)          Turns: 6955, Time: 00:13:18

Health: -1/81      AC: 19    Str: 23    XL:     10   Next: 94%
Magic:  7/7        EV:  4    Int:  9    God:    Makhleb [***...]
Gold:   417        SH:  9    Dex: 12    Spells: 9/9 levels left

rFire    + . .     SeeInvis .   i - +2 broad axe (chop)
rCold    . . .     Gourm    .   c - +0 shield
rNeg     . . .     Faith    .   L - +0 plate armour
rPois    +         Spirit   .   C - +2 helmet
rElec    .         Reflect  .   m - +1 cloak
rCorr    .         Harm     .   E - +2 pair of gloves
MR       +....                  (no boots)
Stlth    ..........             b - amulet of magic regeneration
HPRegen  0.00/turn              D - ring of protection from fire
MPRegen  0.35/turn              r - ring of poison resistance

@: non-regenerating
A: damage resistance, heal wounds, sense surroundings 2, no regeneration
a: Heal Wounds, Minor Destruction, Lesser Servant of Makhleb, Renounce Religion


You were on level 9 of the Dungeon.
You worshipped Makhleb.
Makhleb was most pleased with you.
You were not hungry.

You visited 1 branch of the dungeon, and saw 9 of its levels.
You also visited: Sewer.

You collected 417 gold pieces.

Inventory:

Hand Weapons
 i - a +2 broad axe of chopping (weapon)
Armour
 c - a +0 shield (worn)
 m - a +1 cloak (worn)
 C - a +2 helmet (worn)
 E - a +2 pair of gloves (worn)
 L - a +0 plate armour (worn)
Jewellery
 b - an amulet of magic regeneration (around neck)
 r - a ring of poison resistance (right hand)
 v - an uncursed ring of flight
 y - an uncursed ring of protection from cold
 D - a ring of protection from fire (left hand)
Wands
 j - a wand of digging (12)
 p - a wand of acid (8)
Scrolls
 g - a scroll of amnesia
 k - 7 scrolls of remove curse
 l - a scroll of blinking
 n - 5 scrolls of fear
 o - a scroll of identify
 q - a scroll of fog
 x - 3 scrolls of teleportation
 H - 2 scrolls of magic mapping
 J - 3 scrolls of immolation
Potions
 d - a potion of might
 e - a potion of berserk rage {unknown}
 h - 5 potions of curing
 t - a potion of mutation {unknown}
 u - 3 potions of haste {unknown}
 w - a potion of invisibility {unknown}
 z - 3 potions of flight
 B - 2 potions of agility
 F - a potion of lignification {unknown}
 I - 2 potions of degeneration {unknown}
 K - a potion of ambrosia {unknown}
Comestibles
 a - 2 chunks of flesh
 f - 15 rations


   Skills:
 - Level 2.6 Fighting
 + Level 17.1 Axes
 - Level 3.2 Armour
 - Level 3.2 Shields


You had 9 spell levels left.
You didn't know any spells.
Your spell library contained the following spells:

 Spells                   Type           Power        Failure   Level  Hunger
 Animate Dead             Necr           N/A          100%        4    #####..
 Recall                   Summ/Tloc      N/A          100%        3    ####...
 Death Channel            Necr           #.........   100%        6    #######
 Simulacrum               Ice/Necr       #.........   100%        6    #######
 Borgnjor's Vile Clutch   Necr/Erth      #.........   100%        5    ######.


Dungeon Overview and Level Annotations

Branches:
Dungeon (9/15)             Temple (0/1) D:4
   Lair: D:8-11         Orc: D:9-12

Altars:
Ashenzari
Hepliaklqana
Makhleb
Ru
Sif Muna
The Shining One

Shops:
D:4 }


Innate Abilities, Weirdness & Mutations

You are resistant to damage.
You can heal yourself by infusing magical energy.
You passively map the area around you.
You do not regenerate.


Message History

The iron troll barely misses you.
The iron troll claws you but does no damage.
The iron troll claws you!
You are too injured to fight recklessly!
You are too injured to fight recklessly!
You are too injured to fight recklessly!
You are too injured to fight recklessly!
You hit the iron troll but do no damage.
The iron troll is almost dead.
You hit the iron troll but do no damage.
The iron troll is almost dead.
The iron troll bites you!!
* * * LOW HITPOINT WARNING * * *
The iron troll claws you but does no damage. x2
You hit the iron troll but do no damage.
The iron troll is almost dead.
Your shield and plate armour prevent you from hitting the iron troll.
The iron troll is almost dead.
The iron troll bites you!!
You die...

.....# #............#
.#.#.# ###[###.####.#
.#...# #.##.....#.#
.....# #....#.#.#.#
.#..># ####..)#.#.##
.#.#.# #...#....#
.#.#.#########...######
.#........[.#...T..#
.###.######.####@#.# ##
#.# #...<..#.# ##.#
#..#...#.# #..#
#..##<##.# #.##
#..##....# #.#
*#..####### #.# ...#
#.# ###.# #.# ..#


You could see an iron troll.

Vanquished Creatures
  A two-headed ogre (D:9)
  A deep troll (D:9)
  3 trolls (D:9)
  Prince Ribbit (D:7)
  A hippogriff (D:9)
  6 yaks (D:9)
  A hungry ghost (D:8)
  2 ice beasts (D:7)
  A black bear (D:6)
  4 orc warriors
  A sky beast (D:8)
  2 phantoms (D:5)
  6 ogres
  2 centaurs
  Blork the orc (D:6)
  4 bullfrogs
  A gnoll sergeant (D:9)
  2 scorpions
  2 wyvern skeletons
  6 killer bees (D:8)
  5 wights (D:7)
  2 electric eels (D:9)
  A bullfrog zombie (D:9)
  2 crimson imps
  3 jellies
  A centaur skeleton (D:4)
  6 hounds
  Crazy Yiuf (D:2)
  4 orc priests
  A gnoll shaman (D:8)
  9 orc wizards
  Terence (D:3)
  4 iguanas
  4 worker ants
  A hound skeleton (D:9)
  Robin (D:3)
  6 gnolls
  12 adders
  3 river rats (D:5)
  2 adder zombies
  9 worms
  6 leopard geckos
  26 orcs
  7 ball pythons
  12 giant cockroaches
  17 goblins
  8 hobgoblins
  9 jackals
  7 kobolds
  3 quokkas
  A bat (D:3)
  7 frilled lizards
  A giant cockroach zombie (D:3)
  2 quokka skeletons
  A quokka zombie (D:6)
  12 rats
245 creatures vanquished.

Vanquished Creatures (collateral kills)
  A troll (D:9)
1 creature vanquished.

Grand Total: 246 creatures vanquished

Notes
Turn   | Place    | Note
-------+----------+-------------------------------------------
     0 | D:1      | Mirvelgyr the Deep Dwarf Fighter began the quest for the Orb.
     0 | D:1      | Reached XP level 1. HP: 20/20 MP: 1/1
   214 | D:1      | Reached skill level 3 in Axes
   236 | D:1      | Reached XP level 2. HP: 27/27 MP: 2/2
   737 | D:2      | Found a runed door.
   783 | D:2      | Reached skill level 4 in Axes
   783 | D:2      | Reached XP level 3. HP: 31/33 MP: 3/3
   823 | D:2      | Noticed Crazy Yiuf
   828 | D:2      | Killed Crazy Yiuf
   975 | D:2      | Reached XP level 4. HP: 33/40 MP: 4/4
  1024 | D:2      | Reached skill level 5 in Axes
  1278 | D:3      | Noticed Robin
  1309 | D:3      | Killed Robin
  1406 | D:3      | Noticed Terence
  1419 | D:3      | Killed Terence
  1419 | D:3      | Reached XP level 5. HP: 43/46 MP: 5/5
  1427 | D:3      | Found a faded altar of an unknown god.
  1838 | D:4      | Found a shattered altar of Ashenzari.
  1928 | D:4      | Reached skill level 6 in Axes
  1968 | D:4      | Found a burning altar of Makhleb.
  1972 | D:4      | Became a worshipper of Makhleb the Destroyer
  2091 | D:4      | Found a glowing golden altar of the Shining One.
  2092 | D:4      | Found the +8 whip "Snakebite" {curare, rPois}
  2094 | D:4      | Found a hazy altar of Hepliaklqana.
  2097 | D:4      | Found a sacrificial altar of Ru.
  2261 | D:4      | Noticed an ogre
  2267 | D:4      | Killed an ogre
  2267 | D:4      | Reached skill level 7 in Axes
  2267 | D:4      | Reached XP level 6. HP: 30/55 MP: 6/6
  2289 | D:4      | Found Xeitruc's Gadget Shoppe.
  2592 | D:4      | Found a staircase to the Ecumenical Temple.
  2668 | D:5      | Entered Level 5 of the Dungeon
  2741 | D:5      | Reached skill level 8 in Axes
  2756 | D:5      | Reached XP level 7. HP: 40/61 MP: 7/7
  2842 | D:5      | Found a glowing drain.
  2847 | Sewer    | Entered a sewer
  2964 | Sewer    | Reached * piety under Makhleb
  3050 | Sewer    | Reached skill level 9 in Axes
  3492 | D:5      | Reached skill level 10 in Axes
  3622 | D:5      | Reached XP level 8. HP: 48/68 MP: 7/7
  3981 | D:6      | Reached skill level 11 in Axes
  4093 | D:6      | Noticed Blork the orc
  4099 | D:6      | Killed Blork the orc
  4642 | D:6      | Reached skill level 12 in Axes
  4752 | D:7      | Noticed Prince Ribbit
  4811 | D:7      | Killed Prince Ribbit
  4811 | D:7      | Gained mutation: You passively map the area around you. [Deep Dwarf growth]
  4811 | D:7      | Reached XP level 9. HP: 63/74 MP: 8/8
  4844 | D:7      | Found a deep blue altar of Sif Muna.
  4907 | D:7      | Reached skill level 13 in Axes
  4924 | D:7      | Reached ** piety under Makhleb
  5543 | D:8      | Reached skill level 14 in Axes
  6123 | D:8      | Reached skill level 15 in Axes
  6123 | D:8      | Reached XP level 10. HP: 81/81 MP: 9/9
  6270 | D:9      | Reached *** piety under Makhleb
  6474 | D:9      | Reached skill level 16 in Axes
  6683 | D:9      | Noticed a two-headed ogre
  6697 | D:9      | Killed a two-headed ogre
  6852 | D:9      | Noticed an iron troll
  6852 | D:9      | Noticed a deep troll
  6897 | D:9      | Killed a deep troll
  6897 | D:9      | Reached skill level 17 in Axes
  6955 | D:9      | Slain by an iron troll

Vault maps used:
D:1:      saegor_arrival_simple_d, minmay_misc_feat_columns,
          serial_bayou_pond_b, minivault_19
D:2:      minmay_misc_feat_four_crosses, uniq_crazy_yiuf_cottage
D:3:      first_ration, chequers_ecumenical_altar_simple, uniq_robin,
          uniq_terence
D:4:      grunt_temple_overflow_cloverleaf, evilmike_ruin_ashenzari,
          minmay_temple_entry_fiery, serial_shops, shop
D:5:      lightli_sewer_entry_pipes
D:6:      uniq_blork_the_orc
D:7:      nicolae_overflow_crystal_walls, uniq_prince_ribbit1
D:9:      lemuel_troll_bridge
Sewer:    sewer_frog_island_01

Skill      XL: |  1  2  3  4  5  6  7  8  9 10 |
---------------+-------------------------------+-----
Axes           | 3 4 5 7 8 10 12 15 17 | 17.1
Fighting       | |  2.6
Armour         | |  3.2
Shields        | |  3.2

Action                   |  1- 3 |  4- 6 |  7- 9 | 10-12 || total
-------------------------+-------+-------+-------+-------++-------
Melee: War axe           |    85 |   194 |   382 |       ||   661
       Broad axe         |       |       |   110 |   157 ||   267
Invok: Lesser Servant of |       |       |       |     2 ||     2
 Abil: Heal Wounds       |       |     2 |     8 |     8 ||    18
  Use: Scroll            |       |    10 |     7 |     2 ||    19
       Potion            |       |       |       |     2 ||     2
  Eat: Chunk             |       |     6 |    13 |     3 ||    22
Armor: Scale mail        |    33 |    62 |       |       ||    95
       Chain mail        |       |    35 |   158 |       ||   193
       Plate armour      |       |       |    57 |    89 ||   146
Dodge: Dodged            |    20 |    55 |    72 |    34 ||   181
Block: Shield            |    48 |   107 |   198 |    90 ||   443

Table legend:
 A = Spawn XP
 B = Non-spawn XP
 C = Spawn XP percentage of total XP
 D = Spawn monster count
 E = Non-spawn monster count
 F = Spawn count percentage of total count
 G = Total turns spent on level
                    A         B        C        D         E        F      G
               +---------+---------+-------+---------+---------+-------+---------
         Total |       0 |   10661 |   0.0 |       0 |     246 |   0.0 |  6955
               +---------+---------+-------+---------+---------+-------+---------
           D:1 |       0 |      19 |   0.0 |       0 |      12 |   0.0 |   601
           D:2 |       0 |     102 |   0.0 |       0 |      27 |   0.0 |   664
           D:3 |       0 |      92 |   0.0 |       0 |      27 |   0.0 |   523
           D:4 |       0 |     335 |   0.0 |       0 |      16 |   0.0 |   880
           D:5 |       0 |    1068 |   0.0 |       0 |      31 |   0.0 |  1074
           D:6 |       0 |     660 |   0.0 |       0 |      15 |   0.0 |   735
           D:7 |       0 |    1673 |   0.0 |       0 |      37 |   0.0 |   817
           D:8 |       0 |    1518 |   0.0 |       0 |      27 |   0.0 |   670
           D:9 |       0 |    5064 |   0.0 |       0 |      36 |   0.0 |   760
         Sewer |       0 |     130 |   0.0 |       0 |      18 |   0.0 |   231
               +---------+---------+-------+---------+---------+-------+---------
